 Dungeon Crawl Stone Soup version 0.21.1-1-g345015f (webtiles) character file.

4358 Lorn the Cleaver (level 10, -18/89 HPs)
             Began as a Hill Orc Berserker on Mar 12, 2018.
             Was an Elder of Trog.
             Demolished by a death yak (23 damage)
             ... on level 8 of the Dungeon.
             The game lasted 00:47:53 (9857 turns).

Lorn the Cleaver (Hill Orc Berserker)               Turns: 9857, Time: 00:47:54

Health: -18/89     AC: 13    Str: 35    XL:     10   Next: 34%
Magic:  0/10       EV: 10    Int: 10    God:    Trog [****..]
Gold:   490        SH:  0    Dex: 10    Spells: 9/9 levels left

rFire    . . .     SeeInvis .   I - +1 war axe (venom)
rCold    + . .     Gourm    .   (no shield)
rNeg     . . .     Faith    .   v - +1 chain mail
rPois    +         Spirit   +   (no helmet)
rElec    .         Reflect  .   C - scarf {Spirit}
rCorr    +         Harm     .   p - +0 pair of gloves
MR       .....                  (no boots)
Stlth    ..........             B - amulet of regeneration
HPRegen  0.64/turn              K - ring "Gaynwul" {rCorr rPois Str+6 Int+3}
MPRegen  0.12/turn              L - ring "Ihocs" {rC+ Str+5}

@: berserk cooldown, slowed, invisible, very slow
A: no striking features
a: Berserk, Trog's Hand, Brothers in Arms, Burn Spellbooks, Renounce Religion


You were on level 8 of the Dungeon.
You worshipped Trog.
Trog was greatly pleased with you.
You were not hungry.

You visited 2 branches of the dungeon, and saw 10 of its levels.

You collected 490 gold pieces.

Inventory:

Hand Weapons
 j - a cursed -2 longbow
 y - a +1 morningstar of holy wrath
 D - a +2 shortbow of freezing
 E - a +3 spear of flaming
 I - a +1 war axe of venom (weapon)
Missiles
 t - 208 arrows
Armour
 p - a +0 pair of gloves (worn)
 v - a +1 chain mail (worn)
 w - a +0 buckler
 C - a scarf of spirit shield (worn)
 H - a cursed +0 large shield
Jewellery
 b - a +3 ring of protection
 e - an uncursed ring of ice
 f - a +3 ring of intelligence
 k - a +2 ring of protection
 A - a cursed -3 ring of protection
 B - an amulet of regeneration (around neck)
 F - an uncursed amulet of the gourmand
 K - the ring "Gaynwul" (left hand) {rCorr rPois Str+6 Int+3}
   (You took it off an orc on level 7 of the Dungeon)

   [ring of resist corrosion]

   It affects your strength (+6).
   It affects your intelligence (+3).
   It protects you from poison.
 L - the ring "Ihocs" (right hand) {rC+ Str+5}
   (You found it on level 7 of the Dungeon)

   [ring of protection from cold]

   It affects your strength (+5).
   It protects you from cold.
 M - the amulet of Nihilism {RegenMP rPois rC++}
   (You found it on level 7 of the Dungeon)

   [amulet of magic regeneration]

   It increases your magic regeneration.
   It greatly protects you from cold.
   It protects you from poison.
 N - the amulet "Jimniot" {Reflect rElec Dex+3 SH+5}
   (You took it off a centaur on level 7 of the Dungeon)

   [amulet of reflection]

   It shields you and reflects attacks.
   It affects your dexterity (+3).
   It insulates you from electricity.
   It affects your SH (+5).
Wands
 n - a wand of flame (36)
 J - a wand of paralysis (15)
Scrolls
 a - 5 scrolls of identify
 g - 4 scrolls of magic mapping
 i - 4 scrolls of teleportation
 m - a scroll of remove curse
 G - a scroll of fear
Potions
 d - a potion of resistance {unknown}
 h - 3 potions of lignification {unknown}
 l - 4 potions of curing {unknown}
 o - a potion of haste
 r - a potion of agility {unknown}
 s - 2 potions of cancellation {unknown}
 x - 3 potions of degeneration {unknown}
Books
 z - a book of Misfortune

   Spells                             Type                      Level
   a - Confusing Touch                Hexes                        1
   b - Confuse                        Hexes                        3
   c - Gell's Gravitas                Translocation                3
   d - Petrify                        Transmutation/Earth          4
   e - Metabolic Englaciation         Hexes/Ice                    5
   f - Yara's Violent Unravelling     Hexes/Transmutation          5
   Trog disapproves of the use of such an item.
Comestibles
 c - 13 rations
 u - 4 chunks of flesh


   Skills:
 + Level 8.3 Fighting
 + Level 13.9 Axes
 + Level 7.3 Armour
 - Level 3.4 Dodging
 + Level 1.6 Stealth
 * Level 1.8 Shields


You had 9 spell levels left.
You didn't know any spells.

Dungeon Overview and Level Annotations

Branches:
Dungeon (9/15)             Temple (1/1) D:4            Lair (0/6) D:8
    Orc: D:9-12

Altars:
Ashenzari
Cheibriados
Dithmenos
Elyvilon
Fedhas
Gozag
Hepliaklqana
Kikubaaqudgha
Makhleb
Okawaru
Ru
Sif Muna
Uskayaw
Vehumet
Wu Jian
Xom
Yredelemnul


Message History

Your ogre dies!
Your ogre's corpse disappears in a puff of smoke!
The adder bites you but does no damage. The adder bites you.
* * * LOW HITPOINT WARNING * * *
The death yak gores you!
* * * LOW HITPOINT WARNING * * *
The adder bites you.
* * * LOW HITPOINT WARNING * * *
There is a stone staircase leading down, spattered with blood here.
You see here a stone.
It was a potion of invisibility.
You fade into invisibility!
The adder bites you but does no damage. The death yak barely misses you.
The death yak gores you but does no damage.
The adder closely misses you.
The kobold throws a stone.
The stone hits the big kobold but does no damage.
The yak barely misses you.
The big kobold throws a stone.
The stone hits the death yak but does no damage.
The death yak gores you!!
You die...

... #...................#
... #....................#
##.(.........#+#'#.......#
...........#.#.#.....####.#
...........#...#KK........#
..........##..#.K........#
.........KKKK........#
.........YY###.#.....# #
......Y@...........#.#
.......S..........##.
....................
.............##....#####
.......................Y###.
...................... .
............#.......####
Y.#.......


You could see 2 death yaks, a yak, a big kobold, an adder and 6 kobolds.

Vanquished Creatures
  A death yak (D:8)
  A hippogriff (D:8)
  Sigmund (D:4)
  A wraith (D:7)
  A water moccasin (D:7)
  2 ice beasts (D:7)
  3 phantoms
  3 centaurs (D:7)
  An ogre (D:7)
  The ghost of letownia2 the Poker, an amateur MfSk (D:5)
  A crocodile (D:7)
  2 bullfrogs
  4 big kobolds
  A scorpion (D:6)
  A killer bee (D:7)
  A wight (D:7)
  2 howler monkeys
  3 bullfrog zombies
  2 quasits
  4 crimson imps
  A centaur zombie (D:5)
  2 hounds (D:4)
  4 orc priests
  2 bullfrog skeletons
  2 orc wizards
  7 worker ants
  A hound skeleton (D:7)
  A worker ant zombie (D:7)
  12 adders
  7 gnolls
  An adder skeleton (D:7)
  6 worms
  2 dart slugs
  4 leopard geckos
  26 orcs
  12 bats
  5 giant cockroaches
  14 goblins
  11 hobgoblins
  10 jackals
  3 quokkas
  2 ball pythons (D:4)
  6 frilled lizards
  A giant cockroach zombie (D:6)
  A jackal skeleton (D:4)
  31 kobolds
  A leopard gecko zombie (D:6)
  A quokka skeleton (D:7)
  8 rats
220 creatures vanquished.

Vanquished Creatures (collateral kills)
  A gargoyle (D:7)
  3 yaks (D:8)
  An orc warrior (D:8)
  A centaur (D:6)
  2 orc priests (D:8)
  3 orc wizards
  An iguana (D:6)
  A worker ant zombie (D:6)
  A gnoll (D:6)
  A shadow imp (D:6)
  4 orcs (D:8)
  3 jackals (D:8)
  2 quokkas (D:6)
24 creatures vanquished.

Grand Total: 244 creatures vanquished

Notes
Turn   | Place    | Note
-------+----------+-------------------------------------------
     0 | D:1      | Lorn the Hill Orc Berserker began the quest for the Orb.
     0 | D:1      | Reached XP level 1. HP: 19/19 MP: 1/1
   199 | D:1      | Reached XP level 2. HP: 25/27 MP: 2/2
  1440 | D:1      | Reached XP level 3. HP: 28/33 MP: 3/3
  3064 | D:2      | Reached XP level 4. HP: 36/41 MP: 4/4
  3106 | D:2      | Reached skill level 5 in Axes
  3130 | D:2      | Reached ** piety under Trog
  3855 | D:3      | Reached skill level 1 in Stealth
  3855 | D:3      | Reached XP level 5. HP: 47/47 MP: 5/5
  4375 | D:3      | Reached skill level 6 in Axes
  4654 | D:4      | Reached *** piety under Trog
  4654 | D:4      | Reached skill level 5 in Fighting
  4654 | D:4      | Reached XP level 6. HP: 56/56 MP: 6/6
  4718 | D:4      | Found a staircase to the Ecumenical Temple.
  4727 | Temple   | Entered the Ecumenical Temple
  5182 | D:4      | Reached skill level 7 in Axes
  5378 | D:4      | Reached XP level 7. HP: 61/61 MP: 7/7
  5587 | D:4      | Noticed Sigmund
  5606 | D:4      | Killed Sigmund
  5606 | D:4      | Reached **** piety under Trog
  5606 | D:4      | Reached skill level 8 in Axes
  5801 | D:5      | Entered Level 5 of the Dungeon
  5834 | D:5      | Noticed letownia2's ghost (amateur MfSk)
  5862 | D:5      | Killed letownia2's ghost
  6208 | D:5      | Reached skill level 9 in Axes
  6210 | D:5      | Reached XP level 8. HP: 51/70 MP: 8/8
  7150 | D:6      | Reached skill level 10 in Axes
  7374 | D:6      | Reached skill level 5 in Armour
  8129 | D:7      | Reached skill level 11 in Axes
  8129 | D:7      | Reached XP level 9. HP: 78/78 MP: 9/9
  8458 | D:7      | Found an ornate altar of the Wu Jian Council.
  8460 | D:7      | Found a deep blue altar of Sif Muna.
  8463 | D:7      | Reached ***** piety under Trog
  8475 | D:7      | Found a radiant altar of Vehumet.
  8933 | D:7      | Reached skill level 12 in Axes
  9024 | D:7      | Noticed a gargoyle
  9039 | D:7      | Killed a gargoyle
  9055 | D:7      | Got a clouded wooden ring
  9063 | D:7      | Got a wavering glass ring
  9074 | D:7      | Got a flickering bronze amulet
  9088 | D:7      | Got a twitching ivory amulet
  9267 | D:7      | Reached skill level 13 in Axes
  9458 | D:7      | Identified the amulet of Nihilism {RegenMP rPois rC++} (You found it on level 7 of the Dungeon)
  9460 | D:7      | Identified the amulet "Jimniot" {Reflect rElec Dex+3 SH+5} (You took it off a centaur on level 7 of the Dungeon)
  9463 | D:7      | Identified the ring "Gaynwul" {rCorr rPois Str+6 Int+3} (You took it off an orc on level 7 of the Dungeon)
  9464 | D:7      | Identified the ring "Ihocs" {rC+ Str+5} (You found it on level 7 of the Dungeon)
  9523 | D:8      | Found a staircase to the Lair.
  9523 | D:8      | Noticed a death yak
  9523 | D:8      | Noticed a death yak
  9523 | D:8      | Noticed a death yak
  9558 | D:8      | Reached XP level 10. HP: 42/88 MP: 4/10
  9840 | D:8      | Reached skill level 1 in Shields
  9847 | D:8      | Killed a death yak
  9854 | D:9      | Noticed a two-headed ogre
  9856 | D:8      | HP: 4/89 [adder (1)]
  9857 | D:8      | Demolished by a death yak

Skill      XL: |  1  2  3  4  5  6  7  8  9 10 |
---------------+-------------------------------+-----
Fighting       | 4 5 6 7 8 |  8.3
Axes           | 5 6 7 9 11 13 | 13.9
Dodging        | 2 3 |  3.4
Stealth        | 1 |  1.6
Armour         | 3 4 5 6 7 |  7.3
Shields        | 1 |  1.8

Action                   |  1- 3 |  4- 6 |  7- 9 | 10-12 || total
-------------------------+-------+-------+-------+-------++-------
Melee: Hand axe          |   101 |    88 |       |       ||   189
       War axe           |       |   107 |   360 |    42 ||   509
Invok: Berserk           |     1 |     5 |     9 |     1 ||    16
       Brothers in Arms  |       |       |     5 |     1 ||     6
       Burn Spellbooks   |       |       |     1 |       ||     1
       Trog's Hand       |       |       |     1 |       ||     1
  Use: Scroll            |       |     6 |     6 |       ||    12
       Potion            |       |       |       |     1 ||     1
  Eat: Chunk             |     4 |     6 |    10 |       ||    20
       Ration            |     1 |     3 |     5 |       ||     9
Armor: Animal skin       |    30 |     3 |       |       ||    33
       Ring mail         |       |    73 |       |       ||    73
       Chain mail        |       |    15 |   253 |    27 ||   295
Dodge: Dodged            |   106 |   140 |   176 |    43 ||   465
Block: Buckler           |       |       |       |     3 ||     3
